SR
ATHLETIC CLUB KC U-21 @ STATEN ISLAND PIZZA RATS
09/03/2034
 
TOP OF THE 1ST
Athletic Club KC U-21 batting - Pitching for Staten Island Pizza Rats : RHP Marnix de Jonge
Pitching: RHP Marnix de Jonge
Batting: RHB Michael Bridges 0-0: Fly out, F7 (Line Drive, 7)
Batting: RHB Jorgen Jorgenson 0-0: Called Strike
0-1: Foul Ball, location: 2F
0-2: Ball
1-2: Ball
2-2: Foul Ball, location: 2F
2-2: Fly out, F5 (Popup, 25F)
Batting: LHB Todd Baker 0-0: Ball
1-0: Foul Ball, location: 2F
1-1: Ball
2-1: Ball
3-1: Foul Ball, location: 2F
3-2: Ground out U3 (Groundball, 3)
Top of the 1st over - 0 runs, 0 hits, 0 errors, 0 left on base; Athletic Club KC 0 - Staten Island 0
BOTTOM OF THE 1ST
Staten Island Pizza Rats batting - Pitching for Athletic Club KC U-21 : RHP Jorge Ávila
Pitching: RHP Jorge Ávila
Batting: LHB Puck Schit 0-0: Ball
1-0: Ball
2-0: Called Strike
2-1: TRIPLE (Flyball, 7D)
Batting: RHB Curt Rovira 0-0: Called Strike
0-1: Ground out 5-3 (Groundball, 5S)
Batting: LHB Ismael Soto 0-0: Called Strike
0-1: Swinging Strike
0-2: Ground out 4-3 (Groundball, 4)
Puck Schit scores
Batting: LHB Tony Rincón 0-0: Called Strike
0-1: Fly out, F4 (Popup, 3D)
Bottom of the 1st over - 1 run, 1 hit, 0 errors, 0 left on base; Athletic Club KC 0 - Staten Island 1
TOP OF THE 2ND
Athletic Club KC U-21 batting - Pitching for Staten Island Pizza Rats : RHP Marnix de Jonge
Batting: RHB Kalikiano Keiki 0-0: Ball
1-0: Ball
2-0: Swinging Strike
2-1: Foul Ball, location: 2F
2-2: Ball
3-2: Foul Ball, location: 2F
3-2: SINGLE (Groundball, 6MD)
Batting: LHB Ronnie Boehmer 0-0: Called Strike
0-1: Foul Ball, location: 2F
0-2: Ball
1-2: Strikes out swinging
Batting: RHB Quinn Albracht 0-0: Called Strike
0-1: Foul Ball, location: 2F
0-2: Grounds into double play, 6-4-3 (Groundball, 6)
Top of the 2nd over - 0 runs, 1 hit, 0 errors, 0 left on base; Athletic Club KC 0 - Staten Island 1
BOTTOM OF THE 2ND
Staten Island Pizza Rats batting - Pitching for Athletic Club KC U-21 : RHP Jorge Ávila
Batting: RHB Jack Lynch 0-0: Ball
1-0: Called Strike
1-1: Foul Ball, location: 2F
1-2: Foul Ball, location: 2F
1-2: Strikes out swinging
Batting: LHB Wilson Sabadodíaz 0-0: Swinging Strike
0-1: Foul Ball, location: 2F
0-2: Ground out 6-3 (Groundball, 6)
Batting: RHB Albert McBride 0-0: Ground out 6-3 (Groundball, 6)
Bottom of the 2nd over - 0 runs, 0 hits, 0 errors, 0 left on base; Athletic Club KC 0 - Staten Island 1
TOP OF THE 3RD
Athletic Club KC U-21 batting - Pitching for Staten Island Pizza Rats : RHP Marnix de Jonge
Batting: RHB Luis Santana 0-0: Ground out 5-3 (Groundball, 2L)
Batting: SHB Howard Carpentier 0-0: Swinging Strike
0-1: Swinging Strike
0-2: Ball
1-2: Foul Ball, location: 2F
1-2: Strikes out swinging
Batting: RHB Jorge Ávila 0-0: Called Strike
0-1: Ball
1-1: Ball
2-1: Swinging Strike
2-2: Ball
3-2: Fly out, F8 (Flyball, 8RM)
Top of the 3rd over - 0 runs, 0 hits, 0 errors, 0 left on base; Athletic Club KC 0 - Staten Island 1
BOTTOM OF THE 3RD
Staten Island Pizza Rats batting - Pitching for Athletic Club KC U-21 : RHP Jorge Ávila
Batting: RHB Jorge Japón 0-0: Called Strike
0-1: Fly out, F8 (Line Drive, 8LD)
Batting: RHB António Reyes 0-0: Ball
1-0: Ball
2-0: Ball
3-0: Called Strike
3-1: Called Strike
3-2: SINGLE (Groundball, 4MD)
Batting: LHB Puck Schit 0-0: Called Strike
António Reyes is caught stealing 2nd base
0-1: Fly out, F9 (Line Drive, 9S)
Bottom of the 3rd over - 0 runs, 1 hit, 0 errors, 0 left on base; Athletic Club KC 0 - Staten Island 1
TOP OF THE 4TH
Athletic Club KC U-21 batting - Pitching for Staten Island Pizza Rats : RHP Marnix de Jonge
Batting: RHB Michael Bridges 0-0: Ball
1-0: SINGLE (Flyball, 78S) - OUT at second base trying to stretch hit.
Batting: RHB Jorgen Jorgenson 0-0: Swinging Strike
0-1: Ball
1-1: Ball
2-1: Foul Ball, location: 2F
2-2: Ball
3-2: Strikes out swinging
Batting: LHB Todd Baker 0-0: Ball
1-0: Ball
2-0: Called Strike
2-1: Foul Ball, location: 2F
2-2: Strikes out swinging
Top of the 4th over - 0 runs, 1 hit, 0 errors, 0 left on base; Athletic Club KC 0 - Staten Island 1
BOTTOM OF THE 4TH
Staten Island Pizza Rats batting - Pitching for Athletic Club KC U-21 : RHP Jorge Ávila
Batting: RHB Curt Rovira 0-0: Fly out, F8 (Flyball, 8RD)
Batting: LHB Ismael Soto 0-0: SINGLE (Flyball, 6MD)
Batting: LHB Tony Rincón 0-0: Called Strike
0-1: Ball
1-1: Swinging Strike
1-2: Ball
2-2: Strikes out looking
Batting: RHB Jack Lynch 0-0: Ball
Ismael Soto steals 2nd base
1-0: Ground out U3 (Groundball, 34S)
Bottom of the 4th over - 0 runs, 1 hit, 0 errors, 1 left on base; Athletic Club KC 0 - Staten Island 1
TOP OF THE 5TH
Athletic Club KC U-21 batting - Pitching for Staten Island Pizza Rats : RHP Marnix de Jonge
Batting: RHB Kalikiano Keiki 0-0: Ball
1-0: Swinging Strike
1-1: SINGLE (Line Drive, 78S)
Batting: LHB Ronnie Boehmer 0-0: Called Strike
0-1: Ball
1-1: Ball
Passed Ball!
Kalikiano Keiki to second
2-1: SINGLE (Line Drive, 78S)
Kalikiano Keiki to third
Batting: RHB Quinn Albracht Balk!
Kalikiano Keiki scores
Ronnie Boehmer to second
0-0: Intentional Walk
Batting: RHB Luis Santana 0-0: Bunted foul
0-1: Ball
1-1: Sac Bunt - play at first, batter OUT! 3-4
Ronnie Boehmer to third
Quinn Albracht to second
Batting: SHB Howard Carpentier 0-0: Ball
1-0: Swinging Strike
1-1: Ball
2-1: Called Strike
2-2: Ball
3-2: SINGLE (Line Drive, 6)
Ronnie Boehmer scores
Quinn Albracht to third
Batting: RHB Jorge Ávila 0-0: Ball
1-0: Ball
2-0: Ball
3-0: Foul Ball, location: 2F
3-1: Base on Balls
Howard Carpentier to second
Batting: RHB Michael Bridges 0-0: Called Strike
0-1: Called Strike
0-2: Foul Ball, location: 2F
0-2: Foul Ball, location: 2F
0-2: Foul Ball, location: 2F
0-2: Foul Ball, location: 2F
0-2: Ball
1-2: Ball
2-2: Foul Ball, location: 2F
2-2: DOUBLE (Groundball, 5L)
Quinn Albracht scores
Howard Carpentier scores
Jorge Ávila to third
Batting: RHB Jorgen Jorgenson 0-0: Ball
1-0: Called Strike
1-1: SINGLE (Line Drive, 6MD)
Jorge Ávila scores
Michael Bridges to third
Runner from 3rd tries for Home, SAFE, no throw
Pitching: RHP Roque Moreco
Batting: LHB Todd Baker 0-0: Ball
1-0: Called Strike
1-1: Swinging Strike
1-2: Ball
2-2: Foul Ball, location: 2F
2-2: Ball
3-2: Ground out 4-3 (Groundball, 34)
Jorgen Jorgenson to second
Batting: RHB Kalikiano Keiki 0-0: Ball
1-0: SINGLE (Line Drive, 7LS)
Jorgen Jorgenson to third
Runner from 3rd tries for Home, SAFE, no throw
Batting: LHB Ronnie Boehmer 0-0: Foul Ball, location: 2F
0-1: Ball
1-1: Ball
2-1: Foul Ball, location: 2F
2-2: Strikes out swinging
Top of the 5th over - 7 runs, 6 hits, 0 errors, 1 left on base; Athletic Club KC 7 - Staten Island 1
BOTTOM OF THE 5TH
Staten Island Pizza Rats batting - Pitching for Athletic Club KC U-21 : RHP Jorge Ávila
Batting: LHB Wilson Sabadodíaz 0-0: SINGLE (Groundball, 15) (infield hit)
Batting: RHB Albert McBride 0-0: Called Strike
Throwing error on steal attempt, E2
Wilson Sabadodíaz to third
0-1: Fly out, F7 (Line Drive, 7S)
Runner from 3rd tags up, SCORES, no throw
Batting: RHB Jorge Japón 0-0: Called Strike
0-1: Ground out 4-3 (Groundball, 4)
Batting: RHB António Reyes 0-0: Ground out 6-3 (Groundball, 6)
Bottom of the 5th over - 1 run, 1 hit, 1 error, 0 left on base; Athletic Club KC 7 - Staten Island 2
TOP OF THE 6TH
Athletic Club KC U-21 batting - Pitching for Staten Island Pizza Rats : RHP Roque Moreco
Batting: RHB Quinn Albracht 0-0: Swinging Strike
0-1: Swinging Strike
0-2: Ground out 4-3 (Groundball, 4)
Batting: RHB Luis Santana 0-0: Ball
1-0: Ground out 6-3 (Groundball, 6)
Batting: SHB Howard Carpentier 0-0: Ball
1-0: Ball
2-0: Called Strike
2-1: Ball
3-1: Base on Balls
Batting: RHB Jorge Ávila 0-0: Called Strike
0-1: Ball
1-1: Swinging Strike
1-2: Strikes out swinging
Top of the 6th over - 0 runs, 0 hits, 0 errors, 1 left on base; Athletic Club KC 7 - Staten Island 2
BOTTOM OF THE 6TH
Staten Island Pizza Rats batting - Pitching for Athletic Club KC U-21 : RHP Jorge Ávila
Batting: LHB Puck Schit 0-0: Called Strike
0-1: Fly out, F7 (Flyball, 7LDF)
Batting: RHB Curt Rovira 0-0: Foul Ball, location: 2F
0-1: Foul Ball, location: 2F
0-2: SINGLE (Groundball, 6M) (infield hit)
Batting: LHB Ismael Soto 0-0: Swinging Strike
0-1: Swinging Strike
0-2: Ball
1-2: Ball
2-2: Ball
Wild Pitch!
Curt Rovira to second
3-2: Foul Ball, location: 2F
3-2: Strikes out swinging
Batting: LHB Tony Rincón 0-0: Ball
1-0: Ball
2-0: Fly out, F8 (Flyball, 8LXD)
Bottom of the 6th over - 0 runs, 1 hit, 0 errors, 1 left on base; Athletic Club KC 7 - Staten Island 2
TOP OF THE 7TH
Athletic Club KC U-21 batting - Pitching for Staten Island Pizza Rats : RHP Roque Moreco
Batting: RHB Michael Bridges 0-0: Fly out, F4 (Popup, 4)
Batting: RHB Jorgen Jorgenson 0-0: Foul Ball, location: 2F
0-1: SOLO HOME RUN (Line Drive, 7D), Distance : 384 ft
Batting: LHB Todd Baker 0-0: Ball
1-0: Ground out 4-3 (Groundball, 4)
Batting: RHB Kalikiano Keiki 0-0: Ball
1-0: Ball
2-0: Ball
3-0: Base on Balls
Batting: LHB Ronnie Boehmer 0-0: Ball
1-0: Ball
2-0: Foul Ball, location: 2F
2-1: Ball
3-1: Base on Balls
Kalikiano Keiki to second
Batting: RHB Quinn Albracht 0-0: Ball
1-0: Swinging Strike
1-1: Ball
2-1: Ball
3-1: Ground out 4-3 (Groundball, 4)
Top of the 7th over - 1 run, 1 hit, 0 errors, 2 left on base; Athletic Club KC 8 - Staten Island 2
BOTTOM OF THE 7TH
Staten Island Pizza Rats batting - Pitching for Athletic Club KC U-21 : RHP Jorge Ávila
Batting: RHB Jack Lynch 0-0: Called Strike
0-1: Called Strike
0-2: Foul Ball, location: 2F
0-2: Ball
1-2: Ball
2-2: Fly out, F9 (Flyball, 89M)
Batting: LHB Wilson Sabadodíaz 0-0: Ball
1-0: Called Strike
1-1: Ball
2-1: Foul Ball, location: 2F
2-2: DOUBLE (Flyball, 8RD)
Batting: RHB Albert McBride 0-0: Ball
1-0: Ball
2-0: Called Strike
2-1: Ball
3-1: Called Strike
3-2: SINGLE (Groundball, 56D)
Wilson Sabadodíaz to third
Batting: RHB Jorge Japón 0-0: Ball
1-0: Called Strike
1-1: Fly out, F9 (Flyball, 9)
Runner from 3rd tags up, SCORES, no throw
Batting: RHB António Reyes 0-0: Swinging Strike
0-1: Fly out, F8 (Flyball, 8RS)
Bottom of the 7th over - 1 run, 2 hits, 0 errors, 1 left on base; Athletic Club KC 8 - Staten Island 3
TOP OF THE 8TH
Athletic Club KC U-21 batting - Pitching for Staten Island Pizza Rats : RHP Roque Moreco
Batting: RHB Luis Santana 0-0: Ball
1-0: SINGLE (Groundball, 4MD)
Batting: SHB Howard Carpentier 0-0: Called Strike
0-1: Called Strike
0-2: Strikes out swinging
Batting: RHB Jorge Ávila 0-0: Called Strike
Luis Santana steals 2nd base
0-1: Ball
1-1: Fly out, F3 (Popup, 3SF)
Batting: RHB Michael Bridges 0-0: Foul Ball, location: 2F
0-1: Fly out, F9 (Flyball, 9LDF)
Top of the 8th over - 0 runs, 1 hit, 0 errors, 1 left on base; Athletic Club KC 8 - Staten Island 3
BOTTOM OF THE 8TH
Staten Island Pizza Rats batting - Pitching for Athletic Club KC U-21 : RHP Jorge Ávila
Now at 1B: Juan Romero
Now in LF: Josh Moxon
Batting: LHB Puck Schit 0-0: Ball
1-0: Ball
2-0: Ball
3-0: Called Strike
3-1: Called Strike
3-2: Foul Ball, location: 2F
3-2: Foul Ball, location: 2F
3-2: Foul Ball, location: 2F
3-2: Base on Balls
Pitching: RHP Habbo Egberts
Batting: RHB Curt Rovira 0-0: SINGLE (Popup, 4D)
Puck Schit to second
Runner from 2nd tries for 3rd, SAFE, throw made to third
Batting: LHB Ismael Soto 0-0: Foul Ball, location: 2F
0-1: Ball
1-1: Fly out, F3 (Popup, 3F)
Batting: LHB Tony Rincón 0-0: Ball
1-0: Fly out, F9 (Flyball, 9S)
Batting: RHB Jack Lynch 0-0: Ball
1-0: Ball
2-0: Swinging Strike
2-1: Foul Ball, location: 2F
2-2: Foul Ball, location: 2F
2-2: Fly out, F6 (Line Drive, 6M)
Bottom of the 8th over - 0 runs, 1 hit, 0 errors, 2 left on base; Athletic Club KC 8 - Staten Island 3
TOP OF THE 9TH
Athletic Club KC U-21 batting - Pitching for Staten Island Pizza Rats : RHP Roque Moreco
Batting: RHB Jorgen Jorgenson 0-0: Ball
1-0: Ball
2-0: Called Strike
2-1: Swinging Strike
2-2: Foul Ball, location: 2F
2-2: Ball
3-2: SOLO HOME RUN (Flyball, 7LD), Distance : 337 ft
Batting: LHB Todd Baker 0-0: Swinging Strike
0-1: Foul Ball, location: 2F
0-2: Ball
1-2: Fly out, F3 (Line Drive, 3S)
Batting: RHB Kalikiano Keiki 0-0: Ball
1-0: Ball
2-0: Swinging Strike
2-1: Swinging Strike
2-2: Strikes out swinging
Batting: LHB Ronnie Boehmer 0-0: Called Strike
0-1: Ball
1-1: Ball
2-1: SINGLE (Line Drive, 4MD)
Batting: RHB Quinn Albracht 0-0: Swinging Strike
0-1: Swinging Strike
0-2: Ball
1-2: SINGLE (Line Drive, 7S)
Ronnie Boehmer to second
Batting: RHB Luis Santana 0-0: Ball
1-0: Called Strike
1-1: Fly out, F7 (Flyball, 7LS)
Top of the 9th over - 1 run, 3 hits, 0 errors, 2 left on base; Athletic Club KC 9 - Staten Island 3
BOTTOM OF THE 9TH
Staten Island Pizza Rats batting - Pitching for Athletic Club KC U-21 : RHP Habbo Egberts
Now at SS: Rodrigo Sousa
Batting: LHB Wilson Sabadodíaz 0-0: Single, Error in OF, E8, batter to second base
Batting: RHB Albert McBride 0-0: Ball
1-0: Reached on error, E5 (Groundball, 56S)
Wilson Sabadodíaz to third
Batting: RHB Jorge Japón 0-0: Called Strike
0-1: Swinging Strike
0-2: Strikes out swinging
Batting: RHB António Reyes 0-0: Ball
1-0: Ball
2-0: Ball
3-0: Called Strike
3-1: Called Strike
3-2: Grounds into double play, 5-4-3 (Groundball, 56)
Bottom of the 9th over - 0 runs, 1 hit, 2 errors, 1 left on base; Athletic Club KC 9 - Staten Island 3
Friday, March 29th, 2019 - OOTP Baseball 18.8 Build 76